 Dungeon Crawl Stone Soup version 0.24.0-13-gcf9b3192b9 (webtiles) character file.

Game seed: 14890445191316099304, levelgen mode: deterministic

2387 Arum the Blocker (level 9, 0/75 HPs)
             Began as a Formicid Fighter on Nov 6, 2019.
             Was a Believer of the Shining One.
             Slain by a killer bee (2 damage)
             ... on level 7 of the Dungeon.
             The game lasted 00:08:55 (5238 turns).

Arum the Blocker (Formicid Fighter)                 Turns: 5238, Time: 00:08:56

Health: 0/75       AC:  6    Str: 20    XL:     9   Next: 74%
Magic:  6/9        EV:  9    Int: 14    God:    the Shining One [**....]
Gold:   357        SH: 19    Dex: 13    Spells: 8/8 levels left

rFire    + . .     SeeInvis +   a - +0 quarterstaff
rCold    + . .     Gourm    .   B - +2 shield
rNeg     + . .     Faith    .   b - +0 scale mail
rPois    +         Spirit   .   (helmet unavailable)
rElec    +         Reflect  .   (no cloak)
rCorr    +         Harm     .   (no gloves)
MR       .....                  (no boots)
Stlth    ..........             q - amulet of regeneration
HPRegen  0.62/turn              x - +2 ring of slaying
MPRegen  0.11/turn              r - ring of teleportation (curse)

@: brilliant, lethally poisoned (0 -> -1), divine shield, resistant, very
slightly contaminated, glowing, invisible (but backlit and visible)
A: permanent stasis, dig shafts and tunnels, four strong arms, antennae 3
a: Dig, Shaft Self, Divine Shield, Renounce Religion


You were on level 7 of the Dungeon.
You worshipped the Shining One.
The Shining One was pleased with you.
You were not hungry.

You visited 1 branch of the dungeon, and saw 7 of its levels.

You collected 357 gold pieces.

Inventory:

Hand Weapons
 a - a +0 quarterstaff (weapon)
Missiles
 h - 53 poisoned darts (quivered)
 o - 10 javelins
Armour
 b - a +0 scale mail (worn)
 B - a +2 shield (worn)
Jewellery
 i - an uncursed ring of resist corrosion
 q - an amulet of regeneration (around neck)
 r - a cursed ring of teleportation (right hand)
 x - a +2 ring of slaying (left hand)
Scrolls
 e - 5 scrolls of teleportation {unknown}
 g - 9 scrolls of identify {unknown}
 k - 2 scrolls of random uselessness {unknown}
 m - a scroll of fear {unknown}
 p - 2 scrolls of enchant weapon {unknown}
 t - 2 scrolls of fog {unknown}
 u - 3 scrolls of immolation {unknown}
 w - a scroll of enchant armour {unknown}
 y - a scroll of amnesia {unknown}
 A - a scroll of remove curse {unknown}
Potions
 d - a potion of might
Comestibles
 c - 3 chunks of flesh
 f - 12 rations


   Skills:
 + Level 8.5 Fighting
 + Level 7.4 Staves
 - Level 3.2 Armour
 + Level 9.3 Shields


You had 8 spell levels left.
You didn't know any spells.
Your spell library contained the following spells:

 Spells                   Type           Power        Failure   Level  Hunger
 Animate Skeleton         Necr           N/A          10%         1    ##.....
 Apportation              Tloc           #.....       10%         1    ##.....
 Confusing Touch          Hex            #.....       10%         1    ##.....
 Sting                    Conj/Pois      #...         10%         1    ##.....
 Summon Small Mammal      Summ           #...         10%         1    ##.....
 Poisonous Vapours        Pois/Air       #.....       13%         2    ###....
 Mephitic Cloud           Conj/Pois/Air  #.......     24%         3    ####...
 Olgreb's Toxic Radiance  Pois           #.......     56%         4    #####..
 Venom Bolt               Conj/Pois      #.........   85%         5    ######.


Dungeon Overview and Level Annotations

Branches:
Dungeon (7/15)             Temple (0/1) D:6

Altars:
Fedhas
The Shining One


Innate Abilities, Weirdness & Mutations

You cannot be hasted, slowed, berserked, paralysed or teleported.
You can dig through walls and to a lower floor.
Your four strong arms can wield two-handed weapons with a shield.
You have a pair of large antennae on your head. (SInv)


Message History

Your stasis prevents you from being hasted.
You feel sick.
You kill the killer bee!
You block the killer bee's attack. x2
It was a potion of invisibility.
You become transparent, but the glow from your halo prevents you from becoming completely invisible.
You feel sick. You block the killer bee's attack. x2
You are very lightly contaminated with residual magic.
You feel sick. You block the killer bee's attack.
Throwing (i - inventory. (/) - cycle)
h - 54 poisoned darts (quivered)
Press: ? - help, Shift-Dir - straight line, f - killer bee
Aim: a killer bee (haloed)
You throw a poisoned dart.
The poisoned dart barely misses the killer bee.
You feel sick. You block the killer bee's attack.
The killer bee barely misses you.
You sock the killer bee!
The killer bee is moderately wounded.
You block the killer bee's attack. The killer bee stings you.
You die...

.####.....# #..
..#.#......#........
#...........#.......### ..
......##...#.....#8# ...
.....##...#.....8.#. #..
#........#.........
###..##.................
..(.....y@....##.....8.#
......##.#...........#
.....###†###.###.....# #
#.............###...####..
#.........#.##............
##....>...#....#).........
##!........#..###(.......
#...#..(..##......#......
###.###$..........#......


You could see a killer bee.

Vanquished Creatures
  Edmund (D:5)
  A water moccasin (D:5)
  An orc warrior (D:5)
  2 ogres (D:6)
  A phantom (D:6)
  2 centaurs
  Blork the orc (D:5)
  2 bullfrogs
  3 scorpions
  5 killer bees (D:7)
  A howler monkey (D:5)
  4 wights (D:4)
  3 crimson imps
  A centaur zombie (D:5)
  3 orc priests (D:5)
  2 hounds
  An iguana (D:5)
  Terence (D:3)
  An orc wizard (D:5)
  9 worker ants
  A hound zombie (D:5)
  Robin (D:3)
  A worker ant zombie (D:4)
  14 adders
  An ooze (D:1)
  An adder zombie (D:6)
  2 dart slugs
  7 leopard geckos
  10 orcs
  2 ball pythons (D:1)
  2 giant cockroaches
  17 goblins
  7 hobgoblins
  18 jackals
  5 quokkas
  6 bats
  4 frilled lizards
  A giant cockroach zombie (D:5)
  A jackal skeleton (D:6)
  16 kobolds
  2 leopard gecko skeletons
  A quokka zombie (D:6)
  9 rats
174 creatures vanquished.

Notes
Turn   | Place    | Note
-------+----------+-------------------------------------------
     0 | D:1      | Arum the Formicid Fighter began the quest for the Orb.
     0 | D:1      | Reached XP level 1. HP: 18/18 MP: 1/1
   132 | D:1      | Reached XP level 2. HP: 22/24 MP: 2/2
   274 | D:1      | Reached skill level 4 in Shields
   303 | D:1      | Reached XP level 3. HP: 26/30 MP: 3/3
   526 | D:1      | Reached XP level 4. HP: 37/37 MP: 4/4
  1503 | D:3      | Noticed Terence
  1530 | D:3      | Killed Terence
  1530 | D:3      | Reached XP level 5. HP: 39/43 MP: 5/5
  1608 | D:3      | Found a glowing golden altar of the Shining One.
  1653 | D:3      | Became a worshipper of the Shining One
  1820 | D:3      | Found a blossoming altar of Fedhas.
  1838 | D:3      | Reached skill level 5 in Shields
  1865 | D:3      | Noticed Robin
  1895 | D:3      | Killed Robin
  2206 | D:3      | Reached XP level 6. HP: 49/49 MP: 6/6
  2746 | D:4      | Reached skill level 5 in Fighting
  2754 | D:4      | Reached * piety under the Shining One
  2828 | D:4      | Reached XP level 7. HP: 44/56 MP: 7/7
  3297 | D:4      | Reached skill level 6 in Shields
  3521 | D:5      | Entered Level 5 of the Dungeon
  3607 | D:5      | Noticed a water moccasin
  3614 | D:5      | Noticed Blork the orc
  3632 | D:5      | Killed a water moccasin
  3632 | D:5      | Reached skill level 5 in Staves
  3637 | D:5      | Reached XP level 8. HP: 38/64 MP: 8/8
  3643 | D:5      | Killed Blork the orc
  3651 | D:5      | Reached skill level 7 in Shields
  3967 | D:5      | Noticed Edmund
  3992 | D:5      | Killed Edmund
  4035 | D:5      | Reached ** piety under the Shining One
  4242 | D:5      | Reached skill level 8 in Shields
  4242 | D:5      | Reached XP level 9. HP: 72/72 MP: 9/9
  4713 | D:6      | Found a staircase to the Ecumenical Temple.
  5038 | D:6      | Reached skill level 9 in Shields
  5233 | D:7      | HP: 3/75 [poisoned by a killer bee]
  5238 | D:7      | Slain by a killer bee

Levels and vault maps discovered:
D:1:      lemuel_arrival_river_ford, layout_loops_ring
D:2:      layout_loops_cross, columned_hall_lemuel
D:3:      layout_rooms, fedhas_altar_fruit_tree, first_ration,
          nicolae_tso_carved_into_rock, uniq_terence, uniq_robin
D:4:      layout_basic
D:5:      layout_loops_ring, minmay_divided_ellipse, uniq_edmund,
          uniq_blork_the_orc
D:6:      lemuel_upstairs_altar, layout_basic, minmay_temple_entry_stoned_glass,
          feat_on_display
D:7:      layout_cave_pools, grunt_dithmenos_smoke, minitemple,
          nicolae_overflow_hidden_temple, uniq_crazy_yiuf_cottage

Skill      XL: |  1  2  3  4  5  6  7  8  9 |
---------------+----------------------------+-----
Shields        | 4 5 6 8 9 |  9.3
Fighting       | 4 5 6 7 8 |  8.5
Staves         | 3 4 5 6 7 |  7.4
Armour         | |  3.2

Action                   |  1- 3 |  4- 6 |  7- 9 || total
-------------------------+-------+-------+-------++-------
Melee: Quarterstaff      |   132 |   210 |   307 ||   649
Throw: Dart              |       |     4 |     9 ||    13
Invok: Divine Shield     |       |       |     1 ||     1
 Abil: Dig               |       |     4 |     3 ||     7
  Use: Potion            |       |       |     8 ||     8
  Eat: Chunk             |       |     6 |    10 ||    16
Armor: Scale mail        |    47 |    71 |    65 ||   183
Dodge: Dodged            |    32 |    81 |    96 ||   209
Block: Shield            |    67 |   120 |   178 ||   365
